 Dungeon Crawl Stone Soup version 0.29.1-15-g9cfb28693d (webtiles) character file.

Game seed: 5024858886618278098

99 manyhoops the Insei (level 4, -9/29 HPs)
             Began as an Octopode Transmuter on Apr 11, 2023.
             Killed from afar by Sigmund (10 damage)
             ... with a puff of flame
             ... on level 3 of the Dungeon.
             The game lasted 00:04:06 (3294 turns).

manyhoops the Insei (Octopode Transmuter)           Turns: 3294, Time: 00:04:09

Health: -9/29      AC:  1    Str: 11    XL:     4   Next: 72%
Magic:  4/7        EV: 13    Int: 15    God:
Gold:   151        SH:  0    Dex: 12    Spells: 4/7 levels left

rFire   . . .      SeeInvis .     - Unarmed
rCold   . . .      Faith    .   (no shield)
rNeg    . . .      Spirit   .   (helmet restricted)
rPois   .          Reflect  .   (no amulet)
rElec   .          Harm     .   (no ring)
rCorr   .          Rampage  .   (no ring)
Will    .....                   (no ring)
Stlth   ++........              (no ring)
HPRegen 0.09/turn               (no ring)
MPRegen 0.10/turn               (no ring)
                                (no ring)
                                (no ring)

@: wereblooded (expiring), flying
A: almost no armour, amphibious, 8 rings, camouflage 1, gelatinous body 1,
(nimble swimmer 1), tentacles
a: no special abilities


You were on level 3 of the Dungeon.
You visited 1 branch of the dungeon, and saw 3 of its levels.

You collected 151 gold pieces.

Inventory:

Jewellery
 h - a +6 ring of dexterity
Scrolls
 d - a scroll of enchant armour {unknown}
 f - a scroll of teleportation {unknown}
 i - a scroll of vulnerability {unknown}
 l - a scroll of silence
 m - a scroll of magic mapping {unknown}
 o - a scroll of poison {unknown}
 p - 2 scrolls of amnesia {unknown}
Potions
 a - a potion of lignification
 b - a potion of flight
 c - a potion of might {unknown}
 e - a potion of attraction {unknown}
 g - a potion of cancellation {unknown}
 j - a potion of curing {unknown}
 k - a potion of mutation {unknown}
 n - a potion of resistance {unknown}


   Skills:
 * Level 2.2 Fighting
 - Level 2.0 Dodging
 + Level 4.8 Unarmed Combat
 - Level 2.0 Spellcasting
 - Level 2.0 Transmutations


You had 4 spell levels left.
You knew the following spells:

 Your Spells              Type           Power      Damage    Failure   Level
a - Beastly Appendage     Tmut           14%        N/A       10%         1
b - Wereblood             Tmut           7%         N/A       14%         2

Your spell library contained the following spells:

 Spells                   Type           Power      Damage    Failure   Level
 Spider Form              Tmut/Pois      4%         N/A       41%         3
 Gell's Gravitas          Tloc           1%         N/A       54%         3
 Lesser Beckoning         Tloc           1%         N/A       54%         3
 Ozocubu's Armour         Ice            1%         N/A       54%         3
 Teleport Other           Tloc           1%         N/A       54%         3
 Ice Form                 Ice/Tmut       4%         N/A       82%         4
 Ozocubu's Refrigeration  Ice            0%         4d7       100%        7


Dungeon Overview and Level Annotations

Branches:
Dungeon (3/15)

Altars:

Annotations:
D:3 Sigmund


Innate Abilities, Weirdness & Mutations

You cannot wear most types of armour.
You are amphibious.
You can wear up to eight rings at the same time.
Your skin changes colour to match your surroundings (Stealth+).
Your rubbery body absorbs attacks. (AC +1, EV +1)
((You are camouflaged when in or above water. (Stealth+)))
You have tentacles for arms and can constrict up to eight enemies at once.


Message History

Nothing appears to happen.
The goblin hits you with a +0 dagger. The hobgoblin completely misses you.
Casting: Wereblood (safe; 14% risk of failure)
Confirm with . or Enter, or press ? or * to list all spells.
Your blood is infused with primal strength.
The goblin closely misses you. The hobgoblin misses you.
You barely miss the goblin. You grab the goblin.
You pierce the goblin.
You feel a bit better.
You kill the goblin!
The hobgoblin barely misses you.
Unknown command.
The hobgoblin attacks as you move away! The hobgoblin misses you.
You closely miss the hobgoblin. You grab the hobgoblin.
You pierce the hobgoblin.
You feel a bit better.
You kill the hobgoblin!
Okay, then.
Something hits you!
Your tentacle spike disappears.
Your magical contamination has completely faded away.
You howl as the wereblood boils in your veins!
A magic dart appears from out of thin air!
The magic dart hits you! Something hits you.
* * * LOW HITPOINT WARNING * * *
Okay, then.
Okay, then.
You howl as the wereblood boils in your veins!
You howl as the wereblood boils in your veins!
A magic dart appears from out of thin air!
The magic dart hits you.
* * * LOW HITPOINT WARNING * * *
You howl as the wereblood boils in your veins!
Your primal bloodlust is almost over.
It was a potion of flight.
You feel very buoyant.
You fly up into the air.
You hear some strange, mumbled words.
A puff of flame appears from out of thin air!
The puff of flame hits you!
You die...

####### #######.....#
#########...........####
.......................#
.....................# #
.....................#.#
..........###.#..<#..#.##
......)$....#.#.........#
......#.....#.#@........#
..... #.....#.##{.......#
.......#.....#........#+##
........#...##.{...####.##
........+.................
...)....#...#........#####
#..........#.......#####
#..........#.............
#..........#...).........


There were no monsters in sight!

Vanquished Creatures
  2 adders (D:2)
  A worm (D:2)
  3 dart slugs
  7 endoplasms
  2 giant cockroaches
  10 goblins
  5 hobgoblins
  4 jackals (D:1)
  8 kobolds
  2 quokkas
  5 ball pythons
  7 bats
  4 frilled lizards
  7 rats
67 creatures vanquished.

Notes
Turn   | Place    | Note
-------+----------+-------------------------------------------
     0 | D:1      | manyhoops the Octopode Transmuter began the quest for the
                  | Orb.
     0 | D:1      | Reached XP level 1. HP: 13/13 MP: 3/3
   445 | D:1      | Reached XP level 2. HP: 13/18 MP: 3/5
  1048 | D:1      | Learned a level 2 spell: Wereblood
  1065 | D:1      | Reached XP level 3. HP: 24/24 MP: 2/6
  1106 | D:1      | Found a faded altar of an unknown god.
  1237 | D:1      | Reached skill level 4 in Unarmed Combat
  1262 | D:1      | You fall into a shaft and drop 1 floor!
  2550 | D:2      | Reached XP level 4. HP: 24/29 MP: 5/7
  3000 | D:3      | Noticed Sigmund
  3291 | D:3      | HP: 1/29 [something/magic dart (6)]
  3294 | D:3      | Killed from afar by Sigmund

Illustrated notes

Levels and vault maps discovered:
D:1:      amcnicky_arrival_blooded_trapdoor, layout_basic,
          basic_ecumenical_altar, roderic_lattice_a
D:2:      minmay_chambers_of_ones, layout_loops_ring
D:3:      layout_basic, uniq_sigmund

Skill      XL: |  1  2  3 |
---------------+----------+-----
Unarmed Combat | 4 |  4.8
Fighting       | 2 |  2.2
Dodging        | |  2.0
Spellcasting   | |  2.0
Transmutations | |  2.0

Action                   |  1- 3 |  4- 6 || total
-------------------------+-------+-------++-------
Melee: Unarmed           |    98 |    36 ||   134
       Constrict         |    22 |    11 ||    33
       Kick              |    17 |    13 ||    30
       Tentacles         |    15 |     7 ||    22
       Punch             |     3 |     1 ||     4
 Cast: Beastly Appendage |    36 |    14 ||    50
       Wereblood         |     1 |     1 ||     2
  Use: Scroll            |       |     1 ||     1
       Potion            |       |     1 ||     1
 Stab: Sleeping          |     9 |     2 ||    11
Armor: Skin              |    14 |     1 ||    15
Dodge: Dodged            |    56 |    21 ||    77
